 Dungeon Crawl Stone Soup version 0.21-a0-426-g98080a9 (webtiles) character file.

79 karf the Shield-Bearer (level 4, -10/37 HPs)
             Began as a Formicid Fighter on Nov 6, 2017.
             Killed by divine providence
             ... invoked by an orc priest
              (12 damage)
             ... on level 3 of the Dungeon.
             The game lasted 00:02:20 (1641 turns).

karf the Shield-Bearer (Formicid Fighter)           Turns: 1641, Time: 00:02:21

Health: -10/37     AC:  7    Str: 21    XL:     4   Next: 62%
Magic:  4/4        EV:  8    Int:  8    God:
Gold:   91         SH:  9    Dex: 10    Spells: 3/3 levels left

rFire    . . .     SeeInvis +   a - +0 quarterstaff
rCold    . . .     Gourm    .   c - +0 shield
rNeg     . . .     Faith    .   b - +0 scale mail
rPois    .         Spirit   .   (helmet unavailable)
rElec    .         Reflect  .   (no cloak)
rCorr    .         Harm     .   (no gloves)
MR       .....                  (no boots)
Stlth    ..........             (no amulet)
HPRegen  0.12/turn              (no ring)
MPRegen  0.09/turn              (no ring)

@: no status effects
A: permanent stasis, dig shafts and tunnels, four strong arms, antennae 3
a: Dig, Shaft Self


You were on level 3 of the Dungeon.
You were hungry.

You visited 1 branch of the dungeon, and saw 3 of its levels.

You collected 91 gold pieces.

Inventory:

Hand Weapons
 a - a +0 quarterstaff (weapon)
Armour
 b - a +0 scale mail (worn)
 c - a +0 shield (worn)
Jewellery
 l - a cursed -2 ring of strength {unknown}
 p - a +3 ring of strength {unknown}
Scrolls
 e - a scroll of random uselessness {unknown}
 g - 2 scrolls of remove curse {unknown}
 h - a scroll of enchant weapon {unknown}
 k - 2 scrolls of identify {unknown}
Potions
 d - a potion of might
 j - a potion of agility {unknown}
 m - 2 potions of curing {unknown}
 n - a potion of cancellation {unknown}
Comestibles
 f - a bread ration
 i - a meat ration
 o - 3 fruits


   Skills:
 + Level 3.7 Fighting
 * Level 3.0 Staves
 + Level 3.8 Armour
 * Level 4.5 Shields


You had 3 spell levels left.
You didn't know any spells.

Dungeon Overview and Level Annotations

Branches:
Dungeon (3/15)

Altars:
Ashenzari
Hepliaklqana
Xom
Yredelemnul


Innate Abilities, Weirdness & Mutations

You cannot be hasted, slowed, berserked, paralysed or teleported.
You can dig through walls and to a lower floor.
Your four strong arms can wield two-handed weapons with a shield.
You have a pair of large antennae on your head. (SInv)


Message History

The orc priest barely misses you.
You hit the orc priest.
The orc priest is severely wounded.
The orc priest hits you but does no damage.
You barely miss the orc priest.
The orc priest is severely wounded.
The orc priest invokes the aid of Beogh against you.
Pain shoots through your body!
* * * LOW HITPOINT WARNING * * *
You hit the orc priest but do no damage.
The orc priest is severely wounded.
You block the orc priest's attack.
You barely miss the orc priest.
The orc priest is severely wounded.
The orc priest hits you but does no damage.
You hit the orc priest.
The orc priest is almost dead.
The orc priest mumbles some strange prayers to Beogh against you.
Beogh smites you!
You die...

#.### .... # ## ###
...## . .##.. >.###
....# #. ...#####.[.
....# #.###...#...#
..<.#
#.......#.>.####...#
##...........@o.#
#.........#######
#.#..###.##
####...## ##.#
.......# #.#
######.## ##.#
##.###<## ##...##
#####


You could see an orc priest.

Vanquished Creatures
  2 adders (D:2)
  6 worms (D:2)
  2 dart slugs (D:1)
  A leopard gecko (D:1)
  3 orcs (D:3)
  2 bats (D:1)
  A giant cockroach (D:2)
  2 goblins (D:1)
  4 hobgoblins
  3 jackals (D:2)
  A quokka (D:2)
  3 frilled lizards
  2 kobolds (D:2)
  4 rats
36 creatures vanquished.

Notes
Turn   | Place    | Note
-------+----------+-------------------------------------------
     0 | D:1      | karf the Formicid Fighter began the quest for the Orb.
     0 | D:1      | Reached XP level 1. HP: 18/18 MP: 1/1
   151 | D:1      | Reached XP level 2. HP: 21/24 MP: 2/2
   340 | D:1      | Reached skill level 4 in Shields
   897 | D:2      | Found a basalt altar of Yredelemnul.
   903 | D:2      | Reached XP level 3. HP: 23/29 MP: 3/3
   938 | D:2      | Found a shattered altar of Ashenzari.
  1010 | D:2      | Reached XP level 4. HP: 25/36 MP: 4/4
  1378 | D:2      | Found a hazy altar of Hepliaklqana.
  1379 | D:2      | Found a shimmering altar of Xom.
  1379 | D:2      | Noticed a soldier ant
  1380 | D:2      | Noticed a soldier ant
  1380 | D:2      | Noticed a spectral ugly thing
  1641 | D:3      | Killed from afar by an orc priest

Vault maps used:
D:1:      sevenhm_arrival_forest_fort_large_2
D:2:      regret_index_temple_of_mockery, yredelemnul_altar_generic,
          evilmike_ruin_ashenzari
D:3:      minmay_misc_feat_pillars

Skill      XL: |  1  2  3  4 |
---------------+-------------+-----
Shields        | 4 |  4.5
Staves         | 3 |  3.0
Fighting       | |  3.7
Armour         | |  3.8

Action                   |  1- 3 |  4- 6 || total
-------------------------+-------+-------++-------
Melee: Quarterstaff      |    89 |    52 ||   141
  Eat: Chunk             |       |     2 ||     2
Armor: Scale mail        |    48 |     9 ||    57
Dodge: Dodged            |    43 |     9 ||    52
Block: Shield            |    50 |    12 ||    62

Table legend:
 A = Spawn XP
 B = Non-spawn XP
 C = Spawn XP percentage of total XP
 D = Spawn monster count
 E = Non-spawn monster count
 F = Spawn count percentage of total count
 G = Total turns spent on level
                    A         B        C        D         E        F      G
               +---------+---------+-------+---------+---------+-------+---------
         Total |       0 |     113 |   0.0 |       0 |      36 |   0.0 |  1641
               +---------+---------+-------+---------+---------+-------+---------
           D:1 |       0 |      27 |   0.0 |       0 |      13 |   0.0 |   897
           D:2 |       0 |      76 |   0.0 |       0 |      19 |   0.0 |   695
           D:3 |       0 |      10 |   0.0 |       0 |       4 |   0.0 |    49
               +---------+---------+-------+---------+---------+-------+---------
